Map: [ESL] Data-C

Players

Nice - Winner!

  • Race: Protoss Protoss
  • Spawn Location: 3:00

Rex

  • Race: Zerg Zerg
  • Spawn Location: 9:00

Event: DreamHack SC2 Masters 2022 Atlanta (Online)

VOD

Have the link to the VOD?

Description

Time

  • Played on: Oct. 2, 2022, 7:13 a.m.
  • Length: 12:55

All games in this series

Show
View Real Time Build Order
Export as new Build Order

Nice Protoss - Winner!

Build Orders: 1 Gate Expand, Oracle Opening 

Get SALT Encoding   

  12  0:00  Probe  
  13  0:12  Probe  
  14  0:19  Pylon  
  14  0:24  Probe  
  14  0:28  Assimilator  
  15  0:37  Probe (Chrono Boost)  
  16  0:44  Gateway  
  16  0:49  Probe (Chrono Boost)  
  17  0:55  Probe (Chrono Boost)  
  18  1:04  Probe  
  19  1:16  Probe  
  20  1:24  Nexus  
  20  1:34  Cybernetics Core  
  20  1:41  Assimilator  
  20  1:42  Probe  
  21  1:50  Pylon  
  21  1:54  Probe  
  22  2:06  Probe  
  23  2:12  Adept (Chrono Boost)  
  23  2:15  Stargate  
  25  2:18  Probe  
  26  2:22  Warp Gate  
  26  2:30  Probe  
  26  2:32  Adept (Chrono Boost)  
  26  2:36  Probe  
  30  2:42  Probe  
  31  2:48  Probe  
  32  2:55  Adept, Probe  
  32  2:57  Oracle (Chrono Boost)  
  35  3:00  Probe  
  39  3:07  Probe  
  39  3:11  Pylon  
  39  3:12  Probe  
  41  3:19  Probe  
  42  3:20  Gateway  
  42  3:29  Oracle (Chrono Boost)  
  45  3:39  Probe x2  
  43  3:51  Probe, Pylon  
  43  3:52  Probe  
  45  3:56  Oracle (Chrono Boost)  
  47  4:03  Probe  
  47  4:04  Probe  
  49  4:10  Nexus, Pylon  
  49  4:16  Adept, Probe  
  49  4:17  Adept  
  54  4:27  Assimilator  
  54  4:28  Probe x2  
  56  4:32  Pylon  
  56  4:38  Stalker x2  
  58  4:40  Probe  
  58  4:43  Twilight Council, Probe  
  62  4:53  Probe  
  62  4:55  Probe  
  62  5:03  Gateway  
  62  5:04  Gateway  
  62  5:05  Probe  
  62  5:07  Probe, Stalker  
  63  5:08  Stalker  
  63  5:13  Blink (Chrono Boost)  
  66  5:17  Probe  
  66  5:19  Probe  
  66  5:20  Shield Battery  
  68  5:29  Probe  
  68  5:30  Forge, Probe  
  68  5:31  Probe  
  68  5:34  Stalker  
  73  5:35  Stalker  
  73  5:42  Shield Battery  
  75  5:43  Probe x3  
  75  5:47  Pylon  
  78  5:50  Pylon  
  78  5:55  Probe x2  
  78  5:56  Probe  
  81  6:01  Stalker x2  
  85  6:06  Pylon  
  85  6:10  Protoss Ground Weapons Level 1 (Chrono Boost)  
  85  6:11  Probe  
  85  6:12  Nexus  
  85  6:14  Probe x2  
  88  6:19  Oracle (Chrono Boost)  
  88  6:23  Assimilator  
  91  6:34  Stalker x4  
  91  6:36  Shield Battery, Nexus  
  99  6:41  Probe x2  
  99  6:45  Probe  
  99  6:53  Probe  
  99  6:54  Probe  
  101  6:57  Probe  
  101  6:58  Shield Battery  
  102  7:02  Assimilator  
  102  7:05  Gateway, Probe  
  102  7:06  Probe  
  102  7:07  Gateway  
  104  7:09  Gateway, Probe  
  104  7:11  Gateway  
  104  7:12  Gateway  
  104  7:14  Oracle  
  108  7:18  Probe, Pylon  
  108  7:21  Pylon  
  109  7:24  Pylon  
  109  7:29  Forge  
  109  7:34  Assimilator  
  109  7:35  Pylon  
  109  7:36  Probe x3  
  112  7:38  Templar Archives  
  112  7:41  Pylon  
  112  7:48  Probe x2  
  112  7:49  Probe  
  115  7:56  Assimilator  
  115  7:57  Assimilator, Pylon  
  115  8:01  Probe x3, Psionic Storm  
  115  8:04  Protoss Ground Armor Level 1 (Chrono Boost), Protoss Ground Weapons Level 2 (Chrono Boost)  
  118  8:06  Probe  
  118  8:12  Pylon  
  119  8:13  Probe x3  
  119  8:17  Pylon  
  119  8:18  Probe  
  123  8:20  Pylon  
  123  8:22  Photon Cannon  
  123  8:23  High Templar x3  
  123  8:24  Photon Cannon  
  123  8:25  Probe  
  130  8:30  Shield Battery  
  130  8:32  Shield Battery  
  130  8:34  High Templar  
  132  8:35  Photon Cannon  
  132  8:37  Gateway  
  132  8:39  Gateway  
  132  8:41  Gateway  
  132  8:43  Photon Cannon  
  132  8:52  Stalker  
  132  8:53  Stalker  
  134  8:58  High Templar x2  
  134  8:59  Pylon  
  134  9:00  Pylon  
  138  9:05  Stalker x3  
  138  9:06  Stalker  
  142  9:16  Stalker x3  
  148  9:23  Probe x2  
  150  9:24  Probe x2  
  150  9:29  Pylon  
  150  9:30  Phoenix (Chrono Boost)  
  152  9:32  Pylon  
  152  9:33  High Templar x2, Photon Cannon, Stalker x2  
  152  9:35  Shield Battery  
  152  9:37  Shield Battery  
  160  9:40  Archon  
  156  10:00  Stalker x3  
  156  10:01  Stalker  
  156  10:06  High Templar  
  156  10:07  High Templar  
  156  10:08  Zealot x6, Probe  
  156  10:09  Probe x3  
  156  10:11  Phoenix, Pylon  
  176  10:16  Archon  
  176  10:20  Probe  
  176  10:21  Probe  
  176  10:28  Stalker x5  
  172  10:29  Stalker x2  
  174  10:37  Phoenix (Chrono Boost)  
  174  10:42  Probe x2  
  176  10:43  Probe x2  
  176  10:46  High Templar  
  180  10:54  Probe  
  181  11:01  Phoenix (Chrono Boost)  
  181  11:02  Stalker x3  
  181  11:03  Stalker  
  183  11:11  Stalker x3  
  183  11:12  Zealot  
  186  11:26  Stalker x3  
  186  11:31  Phoenix (Chrono Boost)  
  174  11:49  Zealot x9  
  174  11:50  Zealot x2  
  174  11:54  Phoenix (Chrono Boost)  
  188  12:11  Phoenix  
  188  12:15  Stalker x5  
  194  12:16  Stalker  
Show
View Real Time Build Order
Export as new Build Order

Rex Zerg 

Build Orders: Hatch First 

Get SALT Encoding   

  12  0:00  Drone  
  13  0:12  Overlord  
  13  0:17  Drone  
  14  0:30  Drone x2  
  16  0:48  Hatchery  
  15  0:51  Drone  
  15  0:54  Drone  
  17  0:59  Drone  
  18  1:09  Extractor  
  17  1:13  Spawning Pool  
  17  1:16  Drone  
  17  1:20  Drone  
  18  1:27  Drone  
  19  1:38  Drone  
  20  1:48  Overlord  
  20  2:00  Queen x2  
  20  2:01  Zergling x4  
  26  2:09  Metabolic Boost  
  26  2:12  Drone x2  
  28  2:23  Drone x2  
  30  2:37  Hatchery  
  30  2:39  Drone  
  30  2:43  Drone  
  31  2:50  Queen  
  33  2:51  Overlord  
  33  2:54  Drone  
  33  2:58  Zergling x2  
  35  2:59  Zergling x2  
  36  3:06  Overlord  
  36  3:09  Queen  
  38  3:13  Drone  
  38  3:14  Drone  
  38  3:16  Drone  
  41  3:21  Drone  
  41  3:28  Evolution Chamber  
  41  3:30  Drone  
  40  3:38  Spore Crawler, Drone  
  40  3:39  Drone  
  40  3:40  Drone  
  41  3:42  Drone  
  40  3:48  Drone x3  
  43  3:56  Drone  
  43  3:57  Queen  
  43  3:58  Drone  
  46  4:03  Drone  
  46  4:07  Drone  
  46  4:08  Spore Crawler, Drone  
  47  4:10  Drone x2  
  47  4:12  Spore Crawler  
  47  4:14  Drone  
  47  4:15  Drone  
  50  4:17  Drone  
  50  4:20  Overlord  
  51  4:28  Drone x2  
  51  4:29  Drone, Evolution Chamber  
  51  4:30  Drone  
  54  4:33  Drone  
  54  4:37  Drone  
  56  4:40  Queen  
  56  4:42  Overlord  
  58  4:45  Zergling x4  
  58  4:46  Zergling x2  
  58  4:50  Drone  
  58  4:52  Drone  
  58  4:57  Drone x3  
  59  5:00  Drone  
  59  5:03  Zerg Melee Weapons Level 1  
  59  5:06  Drone  
  61  5:07  Drone x2  
  61  5:13  Drone x3  
  66  5:17  Drone x3  
  69  5:28  Hatchery  
  68  5:29  Overlord  
  68  5:32  Lair  
  68  5:35  Overlord x2  
  67  5:41  Overlord  
  67  5:44  Zergling x4  
  67  5:45  Zergling x6  
  67  5:48  Zergling x2  
  67  5:49  Zergling x6  
  76  5:54  Zergling x10  
  76  5:55  Zergling x2  
  76  5:56  Zergling x2  
  82  6:00  Zergling x4  
  82  6:02  Zergling x4  
  86  6:05  Zergling x2  
  86  6:06  Zergling x2  
  88  6:12  Zergling x6  
  88  6:14  Overlord  
  91  6:21  Drone x5  
  95  6:27  Drone  
  95  6:29  Extractor  
  95  6:30  Drone, Extractor  
  95  6:31  Drone x4  
  95  6:32  Extractor x3  
  91  6:36  Drone  
  91  6:39  Drone  
  91  6:40  Drone x2  
  91  6:41  Drone x2  
  91  6:45  Spire  
  92  6:49  Drone x5  
  92  6:54  Drone x2  
  97  6:58  Drone x4  
  100  7:04  Spore Crawler  
  100  7:05  Drone x3  
  100  7:06  Zerg Melee Weapons Level 2, Drone x3  
  105  7:11  Drone  
  105  7:13  Drone x2  
  105  7:15  Overseer  
  108  7:17  Drone  
  108  7:20  Baneling Nest  
  108  7:26  Zergling x12  
  108  7:28  Hydralisk Den  
  113  7:32  Extractor  
  113  7:33  Zergling x2  
  113  7:34  Zergling x12, Extractor  
  113  7:36  Overlord  
  118  7:38  Overlord  
  118  7:42  Overlord  
  118  7:43  Overlord  
  112  7:44  Drone x3  
  114  7:52  Overlord x3  
  114  7:53  Drone  
  115  8:05  Mutalisk x6  
  117  8:09  Mutalisk x2  
  131  8:18  Mutalisk x2  
  135  8:25  Hatchery  
  135  8:26  Zerg Flyer Weapons Level 1  
  134  8:29  Zergling x12  
  134  8:34  Centrifugal Hooks  
  139  8:39  Zergling x10  
  139  8:41  Drone x2  
  146  8:42  Drone  
  146  8:44  Drone x2  
  149  8:49  Zergling x6  
  152  8:58  Mutalisk x5  
  152  9:02  Drone x3  
  165  9:16  Mutalisk  
  167  9:17  Overlord x6  
  167  9:22  Baneling x12  
  167  9:23  Drone  
  167  9:32  Overlord x4  
  167  9:34  Extractor  
  165  9:39  Extractor  
  165  9:41  Mutalisk x5  
  173  9:51  Mutalisk x3  
  173  10:05  Mutalisk x4  
  177  10:09  Zergling x2  
  177  10:10  Zergling x22  
  177  10:11  Baneling x4  
  189  10:15  Drone  
  190  10:26  Mutalisk x3  
  183  10:33  Mutalisk x2  
  183  10:39  Mutalisk x2  
  183  10:42  Baneling x2  
  179  10:47  Zergling x2  
  179  10:48  Zergling x34  
  191  10:53  Drone x4  
  191  10:56  Zerg Ground Armor Level 1  
  193  11:03  Zergling x8  
  177  11:05  Mutalisk  
  177  11:06  Mutalisk x2  
  177  11:10  Drone x3  
  184  11:14  Mutalisk x2  
  183  11:21  Mutalisk  
  183  11:22  Mutalisk x2  
  175  11:32  Zergling x2  
  175  11:33  Zergling x22  
  182  11:40  Zergling x2, Drone  
  182  11:42  Mutalisk x3  
  182  11:46  Mutalisk x3  
  163  11:52  Mutalisk  
  163  11:53  Zergling x8  
  167  11:54  Zergling x2, Drone  
  167  11:57  Zergling x2  
  167  12:03  Mutalisk  
  167  12:04  Mutalisk x3  
  173  12:13  Mutalisk x2  
  173  12:15  Zergling x12, Drone  
  170  12:16  Zergling x2  
  170  12:20  Zergling x10  
  180  12:23  Mutalisk x2  
  180  12:25  Baneling  
  180  12:28  Zergling x8  
  181  12:32  Zergling x4  
  181  12:33  Baneling  
Tags
 
Add a new tag
Caveats
  • Supply blocks, unpowered buildings, or Contaminate may cause inaccurate times.
  • Supply counts are checked every 10 seconds.